 Dungeon Crawl Stone Soup version 0.30-a0-964-gd452b5e7fa (webtiles) character file.

Game seed: 10518448444363534076

36082 senseless the Fighter (level 13, -7/116 HPs)
             Began as a Red Draconian Transmuter on Mar 30, 2023.
             Was a High Priest of Qazlal.
             Mangled by Agnes
             ... wielding a +0 vampiric lajatang
              (24 damage)
             ... on level 14 of the Dungeon.
             The game lasted 01:01:43 (13103 turns).

senseless the Fighter (Red Draconian Transmuter)   Turns: 13103, Time: 01:01:43

Health: -7/116     AC: 16    Str: 21    XL:     13   Next: 51%
Magic:  22/22      EV: 22    Int: 22    God:    Qazlal [*****.]
Gold:   540        SH: 20    Dex: 19    Spells: 22/25 levels left

rFire   . . .      SeeInvis .    a - +2 double sword (holy)
rCold   . . .      Faith    .    d - +0 kite shield
rNeg    . . .      Spirit   .    (body armour unavailable)
rPois   .          Reflect  .    c - +2 hat
rElec   .          Rampage  .    y - +1 cloak {rCorr}
rCorr   +          Rage     3%   G - +0 pair of gloves of Chimes {rF- Str+4 Int+2 Dex+7}
Will    .....                    (no boots)
Stlth   +                        r - amulet of regeneration
HPRegen 1.19/turn                I - +5 ring of evasion
MPRegen 0.18/turn                E - +6 ring of intelligence

@: about to teleport, short of breath, protected from physical damage, repel
missiles
A: breathe fire, AC +8, unfitting armour, fire resistance 1, cold-blooded,
hooves 1, stinger 1, berserk 1, no potion heal 1
a: Breathe Fire, Renounce Religion, Upheaval, Elemental Force, Disaster Area


You were on level 14 of the Dungeon.
You worshipped Qazlal.
Qazlal was extremely pleased with you.
You visited 2 branches of the dungeon, and saw 15 of its levels.
You also visited: Bailey and Ice Cave.

You collected 839 gold pieces.
You spent 299 gold pieces at shops.

Inventory:

Hand Weapons
 a - a +2 double sword of holy wrath (weapon)
 b - a +2 falchion of flaming
 F - a +4 long sword of electrocution
 K - the +8 glaive of the Hidden Souls {freeze, *Corrode rC+ Will+ Str+4}
   (You found it in an ice cave)

   Str:       It affects your strength (+4).
   rC:        It protects you from cold.
   *Corrode:  It may corrode you when you take damage.
   Will:      It increases your willpower.
 N - a +3 longbow of flaming
Armour
 c - a +2 hat (worn)
 d - a +0 kite shield (worn)
 o - a +0 cloak
 s - a +0 pair of boots
 y - a +1 cloak of preservation (worn)
 G - the +0 pair of gloves of Chimes (worn) {rF- Str+4 Int+2 Dex+7}
   (You found it on level 9 of the Dungeon)

   Str:       It affects your strength (+4).
   Int:       It affects your intelligence (+2).
   Dex:       It affects your dexterity (+7).
   rF:        It makes you vulnerable to fire.
Magical Staves
 l - a staff of conjuration
Jewellery
 r - an amulet of regeneration (around neck)
 x - a ring of fire
 E - a +6 ring of intelligence (right hand)
 I - a +5 ring of evasion (left hand)
Wands
 i - a wand of polymorph (3)
 p - a wand of charming (15)
 w - a wand of flame (11)
 z - a wand of roots (14)
 D - a wand of mindburst (8)
 J - a wand of digging (1)
Scrolls
 g - a scroll of fear
 h - 2 scrolls of amnesia
 k - 3 scrolls of blinking
 n - 10 scrolls of teleportation
 u - 2 scrolls of identify
 H - a scroll of fog
 M - a scroll of magic mapping
Potions
 e - 4 potions of invisibility
 f - 8 potions of curing
 j - 6 potions of haste
 m - 2 potions of magic
 q - 7 potions of brilliance
 t - 2 potions of flight
 v - 2 potions of lignification
 A - a potion of cancellation
 B - 3 potions of heal wounds
 C - 2 potions of might
 L - a potion of attraction


   Skills:
 * Level 11.6 Fighting
 * Level 10.3 Long Blades
 * Level 9.9 Dodging
 * Level 10.4 Shields
 - Level 3.6 Unarmed Combat
 + Level 6.5 Spellcasting
 + Level 7.1 Transmutations
 + Level 7.2 Fire Magic


You had 22 spell levels left.
You knew the following spells:

 Your Spells              Type           Power      Damage    Failure   Level
a - Beastly Appendage     Tmut           76%        N/A       1%          1
b - Wereblood             Tmut           38%        N/A       1%          2

Your spell library contained the following spells:

 Spells                   Type           Power      Damage    Failure   Level
 Spider Form              Tmut/Pois      22%        N/A       13%         3
 Freeze                   Ice            28%        1d5       19%         1
 Slow                     Hex            28%        N/A       19%         1
 Blink                    Tloc           14%        N/A       28%         2
 Lesser Beckoning         Tloc           14%        N/A       28%         2
 Momentum Strike          Conj/Tloc      14%        3d8       28%         2
 Ice Form                 Ice/Tmut       22%        N/A       41%         4
 Confusing Touch          Hex            7%         N/A       50%         3
 Dazzling Flash           Conj/Hex       14%        N/A       50%         3
 Frozen Ramparts          Ice            14%        1d3       50%         3
 Hailstorm                Conj/Ice       7%         3d4       50%         3
 Vampiric Draining        Necr           7%         2d6       50%         3
 Alistair's Intoxication  Tmut/Pois      14%        N/A       77%         5
 Iskenderun's Mystic Bla  Conj/Tloc      7%         2d4       88%         4
 Passage of Golubria      Tloc           7%         N/A       88%         4
 Borgnjor's Vile Clutch   Necr/Erth      3%         N/A       99%         5
 Silence                  Hex/Air        3%         N/A       99%         5
 Summon Forest            Summ/Tloc      3%         N/A       99%         5
 Summon Mana Viper        Hex/Summ       7%         N/A       99%         5
 Eringya's Noxious Bog    Tmut/Pois      11%        N/A       100%        6
 Starburst                Conj/Fire      11%        6d5       100%        6
 Summon Cactus Giant      Summ           3%         N/A       100%        6
 Lehudib's Crystal Spear  Conj/Erth      3%         10d3      100%        8
 Polar Vortex             Ice            3%         N/A       100%        9


Dungeon Overview and Level Annotations

Branches:
Dungeon (14/15)            Temple (1/1) D:6            Lair (0/5) D:11
    Orc (0/2) D:9          Vaults (0/5) D:13         Bailey (visited)
  IceCv (visited)

Altars:
Ashenzari
Cheibriados
Dithmenos
Elyvilon
Fedhas
Gozag
Hepliaklqana
Kikubaaqudgha
Makhleb
Nemelex Xobeh
Okawaru
Qazlal
Ru
Sif Muna
Trog
Uskayaw
Vehumet
Wu Jian
Xom
Yredelemnul
Zin
The Shining One

Shops:
D:2 ([

Annotations:
D:14 Agnes


Innate Abilities, Weirdness & Mutations

You can breathe blasts of fire.
Your fiery red scales are hard. (AC +8)
You cannot fit into any form of body armour.
Your flesh is heat resistant. (rF+)
You are cold-blooded and may be slowed by cold attacks.
You have large cloven feet.
Your tail ends in a venomous barb.
You sometimes lose your temper in combat.
Potions are less effective at restoring your health.


Message History

You slash the boulder beetle!
You kick the boulder beetle, but do no damage.
The boulder beetle is heavily wounded.
You have got your breath back.
Your protection from physical attacks is fading.
The boulder beetle is engulfed in a thunderstorm.
You kill the boulder beetle!
Qazlal accepts your kill.
You feel less protected from physical attacks.
Things that are here:
6 large rocks; a cyclops corpse You now have 540 gold pieces (gained 15).
There is an open door here.
Agnes the Wanderer comes into view.
She is wielding a +0 vampiric lajatang.
You breathe a blast of fire.
The fiery breath misses Agnes.
You block Agnes's attack.
You hit Agnes.
Agnes is lightly wounded.
Agnes completely misses you.
Agnes hits you with a +0 vampiric lajatang!!
You slash Agnes! Your kick misses Agnes.
Agnes is lightly wounded.
Agnes hits you with a +0 vampiric lajatang!!
Agnes draws strength from your wounds!
Agnes hits you with a +0 vampiric lajatang!
You slash Agnes! You tail-slap Agnes.
Agnes is poisoned.
Agnes is lightly wounded.
You block Agnes's attack. x2
You closely miss Agnes. Your kick misses Agnes.
Agnes is lightly wounded.
Agnes hits you with a +0 vampiric lajatang!!
Agnes draws strength from your wounds!
Agnes hits you with a +0 vampiric lajatang!!
* * * LOW HITPOINT WARNING * * *
You feel protected from physical attacks.
Agnes draws strength from your wounds!
As you read the scroll of teleportation, it crumbles to dust.
You feel strangely unstable.
Agnes hits you with a +0 vampiric lajatang!!
You die...

###################
#..........@i...○..
#.......##°.####...
#.......##..#
#...#...##..#
#.......##..#
#...........#
#.###.......#
#.###.#####.#
#.....#...# .


You could see Agnes (poisoned).

Vanquished Creatures
  Nessos (D:14)
  Josephine (D:11)
  The ghost of ZodNigurash the Carver, a journeyman DgGl (D:8)
  2 hydras
  A vault guard (D:13)
  An ogre mage (D:13)
  8 two-headed ogres
  2 boulder beetles
  A centaur warrior (D:11)
  Sonja (D:11)
  Amaemon (D:9)
  A sea snake (shapeshifter) (D:13)
  A deep elf pyromancer (D:14)
  3 ugly things
  3 cyclopes
  Maurice (D:10)
  2 ice statues (IceCv)
  An orange demon (D:8)
  A gargoyle (D:12)
  3 freezing wraiths
  4 trolls
  3 meliai (D:13)
  2 hornets
  6 shadows
  9 wraiths
  4 slime creatures (D:12)
  3 wyverns
  2 vampires
  15 yaks
  Grum (D:8)
  A steam dragon (D:8)
  A basilisk (D:14)
  2 vampire mosquitoes (D:11)
  A two-headed ogre zombie (D:9)
  A warg (D:9)
  An acid dragon (D:14)
  6 water moccasins
  5 orc warriors
  4 ice beasts
  4 black bears
  3 ogres
  2 wolves (D:8)
  A phantom (D:9)
  3 kobold brigands
  4 bullfrogs
  3 scorpions
  2 cane toad simulacra (IceCv)
  3 wights (D:9)
  11 killer bees
  2 troll zombies (D:9)
  4 howler monkeys
  6 orc priests
  5 hounds
  3 jellies
  A sleepcap (D:4)
  A gnoll bouda (D:9)
  6 iguanas
  13 orc wizards
  A polar bear simulacrum (IceCv)
  5 ogre zombies (D:9)
  2 adders (D:2)
  19 gnolls
  A shadow imp (D:6)
  13 white imps
  An ufetubus (D:4)
  A worm (D:2)
  3 dart slugs
  45 orcs
  5 ball pythons
  8 endoplasms
  6 giant cockroaches
  13 goblins
  5 hobgoblins
  6 jackals
  6 quokkas
  6 bats
  4 frilled lizards
  2 goblin skeletons (D:9)
  2 goblin zombies (D:9)
  A hobgoblin skeleton (D:9)
  3 hobgoblin zombies (D:9)
  18 kobolds
  2 orc skeletons (D:9)
  15 orc zombies (D:9)
  6 rats (D:1)
  A spectral hobgoblin (D:3)
384 creatures vanquished.

Vanquished Creatures (others)
  50 fungi (D:11)
  48 plants (D:11)
98 creatures vanquished.

Grand Total: 482 creatures vanquished

Notes
Turn   | Place    | Note
-------+----------+-------------------------------------------
     0 | D:1      | senseless the Draconian Transmuter began the quest for the
                  | Orb.
     0 | D:1      | Reached XP level 1. HP: 16/16 MP: 3/3
    92 | D:1      | Reached XP level 2. HP: 23/23 MP: 3/5
   470 | D:1      | Reached XP level 3. HP: 11/29 MP: 4/6
  1088 | D:2      | Found Koxask's Antique Weapon Emporium.
  1172 | D:2      | Found Ashrila's Antique Armour Emporium.
  1185 | D:2      | Reached skill level 2 in Fighting
  1626 | D:2      | Reached XP level 4. HP: 36/36 MP: 4/7
  1722 | D:2      | You fall into a shaft and drop 1 floor!
  2114 | D:2      | Found a shimmering blue altar of Sif Muna.
  2455 | D:3      | Found a hazy altar of Hepliaklqana.
  2686 | D:3      | Found a basalt altar of Yredelemnul.
  3064 | D:2      | Bought an embroidered hat for 182 gold pieces
  3388 | D:4      | Reached skill level 1 in Shields
  3388 | D:4      | Reached XP level 5. HP: 39/42 MP: 5/9
  3521 | D:4      | Found a sacrificial altar of Ru.
  3522 | D:4      | Found a white marble altar of Elyvilon.
  3523 | D:4      | Found a snail-covered altar of Cheibriados.
  3524 | D:4      | Found an opulent altar of Gozag.
  3582 | D:4      | Reached skill level 1 in Long Blades
  3837 | D:4      | Reached XP level 6. HP: 33/50 MP: 10/10
  3981 | D:5      | Entered Level 5 of the Dungeon
  3988 | D:5      | Reached skill level 3 in Fighting
  4384 | D:5      | Noticed an ice beast
  4392 | D:5      | Killed an ice beast
  4461 | D:5      | Your scales start taking on a fiery red colour.
  4461 | D:5      | Reached XP level 7. HP: 49/57 MP: 11/11
  4461 | D:5      | Gained mutation: Your flesh is heat resistant. (rF+) [Red
                  | Draconian growth]
  5033 | D:6      | Reached skill level 4 in Fighting
  5033 | D:6      | Reached skill level 1 in Fire Magic
  5280 | D:6      | Found a staircase to the Ecumenical Temple.
  5289 | Temple   | Entered the Ecumenical Temple
  5529 | Temple   | Became a worshipper of Qazlal Stormbringer
  5727 | D:6      | Found a large runed translucent door.
  5728 | D:6      | Found a large runed translucent door.
  5953 | D:6      | Reached XP level 8. HP: 67/67 MP: 13/13
  5955 | D:6      | Found a radiant altar of Vehumet.
  5977 | D:6      | Found a hide-covered altar of Uskayaw.
  6065 | D:2      | Bought a pair of boots for 117 gold pieces
  6466 | D:7      | Reached skill level 5 in Fighting
  6480 | D:7      | Reached XP level 9. HP: 31/74 MP: 15/15
  6481 | D:7      | Reached skill level 5 in Dodging
  6482 | D:7      | Paralysed by a hornet for 1 turns
  6637 | D:7      | Reached * piety under Qazlal
  6662 | D:7      | Reached skill level 6 in Fighting
  6708 | D:7      | Reached skill level 5 in Shields
  6911 | D:7      | Reached skill level 5 in Long Blades
  7186 | D:7      | Learned a level 2 spell: Wereblood
  7446 | D:8      | Reached skill level 5 in Transmutations
  7569 | D:8      | Noticed Amaemon
  7581 | D:8      | Found a flagged portal.
  7679 | D:9      | Killed Amaemon
  7680 | D:9      | Reached XP level 10. HP: 15/84 MP: 15/17
  7767 | D:8      | Noticed an orange demon
  7781 | D:8      | Killed an orange demon
  7782 | D:8      | Reached skill level 7 in Fighting
  7788 | Bailey   | Entered a bailey
  7906 | Bailey   | Reached ** piety under Qazlal
  8204 | Bailey   | Acquired a +1 double sword of holy wrath
  8206 | Bailey   | Reached skill level 9 in Fighting
  8206 | Bailey   | Reached XP level 11. HP: 97/97 MP: 18/18
  8226 | D:8      | Noticed Grum
  8238 | D:8      | Killed Grum
  8773 | D:9      | Found a staircase to the Orcish Mines.
  8789 | D:9      | Reached *** piety under Qazlal
  8891 | D:9      | Identified the +1 leather armour "Jylitax" {rN+ Dex+4}
  9058 | D:9      | Found a runed translucent gate.
  9058 | D:9      | Found a runed translucent gate.
  9058 | D:9      | Found a runed translucent gate.
  9061 | D:9      | Noticed ZodNigurash's ghost (journeyman DgGl)
  9081 | D:9      | Found a bloodstained altar of Trog.
  9192 | D:9      | Reached skill level 5 in Spellcasting
  9244 | D:9      | Found an ornate altar of the Wu Jian Council.
  9365 | D:9      | Noticed a two-headed ogre
  9376 | D:9      | Killed a two-headed ogre
  9377 | D:9      | Reached skill level 5 in Fire Magic
  9582 | D:8      | Killed ZodNigurash's ghost
  9624 | D:8      | Reached **** piety under Qazlal
  9711 | D:9      | Identified the +0 pair of gloves of Chimes {rF- Str+4 Int+2
                  | Dex+7}
  9763 | D:10     | Entered Level 10 of the Dungeon
  9817 | D:10     | Paralysed by a hornet for 1 turns
  9888 | D:10     | Found a broken altar of Ashenzari.
 10187 | D:11     | Noticed Maurice
 10197 | D:10     | Killed Maurice
 10229 | D:11     | Gained mutation: You possess an exceptional clarity of
                  | mind. [potion of mutation]
 10229 | D:11     | Lost mutation: You possess an exceptional clarity of mind.
                  | [potion of mutation]
 10286 | D:11     | Noticed a centaur warrior
 10287 | D:11     | Noticed Sonja
 10369 | D:11     | Noticed a two-headed ogre
 10380 | D:11     | Reached ***** piety under Qazlal
 10381 | D:11     | Reached XP level 12. HP: 106/106 MP: 20/20
 10422 | D:11     | Killed Sonja
 10423 | D:11     | Reached skill level 10 in Fighting
 10524 | D:11     | Found a staircase to the Lair.
 10610 | D:11     | Noticed Josephine
 10627 | D:11     | Killed Josephine
 10800 | D:11     | Killed a centaur warrior
 10888 | D:11     | Gained mutation: You have a pair of small antennae on your
                  | head. [potion of mutation]
 10888 | D:11     | Gained mutation: Potions are less effective at restoring
                  | your health. [potion of mutation]
 10888 | D:11     | Gained mutation: You have hidden genetic potential. [potion
                  | of mutation]
 11085 | D:12     | Lost mutation: You have a pair of small antennae on your
                  | head. [potion of mutation]
 11085 | D:12     | Lost mutation: You have hidden genetic potential. [potion
                  | of mutation]
 11085 | D:12     | Gained mutation: You sometimes lose your temper in combat.
                  | [potion of mutation]
 11085 | D:12     | Gained mutation: Your tail ends in a venomous barb. [potion
                  | of mutation]
 11085 | D:12     | Gained mutation: You have large cloven feet. [potion of
                  | mutation]
 11095 | D:12     | Noticed a two-headed ogre
 11103 | D:12     | Killed a two-headed ogre
 11350 | D:13     | Found a frozen archway.
 11352 | D:13     | Noticed a boulder beetle
 11355 | D:13     | Noticed an ogre mage
 11360 | D:13     | Paralysed by an ogre mage for 4 turns
 11370 | D:12     | Killed a boulder beetle
 11386 | D:13     | Noticed a two-headed ogre
 11387 | D:13     | Noticed a two-headed ogre
 11395 | D:12     | Killed a two-headed ogre
 11435 | D:13     | Noticed a two-headed ogre
 11436 | D:13     | Killed a two-headed ogre
 11439 | D:13     | Noticed a two-headed ogre
 11450 | D:12     | Killed a two-headed ogre
 11503 | D:12     | Killed a two-headed ogre
 11530 | D:13     | Killed an ogre mage
 11531 | D:13     | Reached skill level 11 in Fighting
 11531 | D:13     | Reached XP level 13. HP: 100/116 MP: 22/22
 11542 | IceCv    | Entered an ice cave
 11563 | IceCv    | Found a transporter.
 11574 | IceCv    | Found a transporter.
 11577 | IceCv    | Identified the +8 glaive of the Hidden Souls {freeze,
                  | *Corrode rC+ Will+ Str+4}
 11631 | IceCv    | Got Sif Muna's Meditations on Graupel
 11968 | D:13     | Reached skill level 10 in Shields
 12178 | D:13     | Found a gate to the Vaults.
 12456 | D:13     | Reached skill level 10 in Long Blades
 12700 | D:14     | Noticed Nessos
 12709 | D:14     | Killed Nessos
 13095 | D:14     | Noticed Agnes
 13103 | D:14     | Mangled by Agnes

Illustrated notes

Levels and vault maps discovered:
D:1:      ebering_trefoil_3fold, layout_basic, serial_corexii_hall,
          corexii_hall_statues_t, corexii_hall_statues_u
D:2:      layout_loops_corners, basic_altar, serial_shops,
          nicolae_shop_waterfront, nicolae_shop_hallway_stairs
D:3:      minmay_evil_eye, layout_basic, nicolae_hepliaklqana_monster_ancestors,
          mainiacjoe_overflow_catwalk
D:4:      layout_loops_ring, mainiacjoe_overflow_alcove_3, minmay_misc_feat_tiny
D:5:      layout_loops_cross
D:6:      layout_loops_cross, jmf_multi_god_temple2, minmay_temple_entry_slanted
D:7:      layout_basic, minivault_5
D:8:      layout_basic, enter_bailey_3, uniq_amaemon, uniq_grum
D:9:      layout_stronghold, mainiacjoe_overflow_alcove_1, trog_book,
          zombieorc2_lemuel, biasface_ghost_orc_armoury
D:10:     layout_rooms, ashenzari_altar_1, hangedman_decor_riveting
D:11:     layout_roguey, due_lair_maze_entry_diamond,
          minmay_misc_feat_four_crosses, uniq_josephine, uniq_sonja,
          uniq_maurice
D:12:     layout_rooms, corner_web_ring
D:13:     layout_roguey, david_vaults_5, portal_ice_cave_entry_imps,
          hangedman_abyss_or_decor_lesser_grid, lemuel_flame_loot_1
D:14:     layout_stronghold, hangedman_decor_peaks_small, uniq_nessos,
          uniq_agnes, uniq_jorgrun
Temple:   minmay_temple_curvy_loop

Skill      XL: |  1  2  3  4  5  6  7  8  9 10 11 12 13 |
---------------+----------------------------------------+-----
Dodging        | 2 3 4 6 7 8 9 |  9.9
Fighting       | 2 3 4 5 6 9 11 | 11.6
Shields        | 1 2 3 4 5 7 8 9 10 | 10.4
Long Blades    | 1 2 3 4 5 7 8 9 10 | 10.3
Transmutations | 3 4 5 6 7 |  7.1
Spellcasting   | 3 4 5 6 |  6.5
Fire Magic     | 1 3 4 5 6 7 |  7.2
Unarmed Combat | |  3.6

Action                     |  1- 3 |  4- 6 |  7- 9 | 10-12 | 13-15 || total
---------------------------+-------+-------+-------+-------+-------++-------
  Melee: Unarmed           |   101 |    51 |     1 |       |       ||   153
         Kick              |    26 |    29 |     6 |    23 |    81 ||   165
         Headbutt          |    13 |    17 |     3 |       |       ||    33
         Tailslap          |    12 |    20 |    35 |    77 |    38 ||   182
         Punch             |     4 |     1 |       |       |       ||     5
         Falchion          |       |    91 |   294 |   116 |    52 ||   553
         Double sword      |       |       |       |   458 |   116 ||   574
   Cast: Beastly Appendage |    28 |    27 |     2 |       |       ||    57
 Invoke: Upheaval          |       |       |       |     1 |       ||     1
Ability: Breathe Fire      |       |       |    24 |    27 |     9 ||    60
    Use: Scroll            |     6 |     7 |     3 |     6 |     5 ||    27
         Potion            |       |       |     3 |     5 |     1 ||     9
   Stab: Sleeping          |       |     1 |       |       |       ||     1
 Armour: Skin              |    30 |    46 |   160 |   124 |    44 ||   404
  Dodge: Dodged            |    49 |    66 |   197 |   297 |   166 ||   775
         Repelled          |       |       |       |     4 |     3 ||     7
  Block: Kite shield       |       |    40 |   209 |   494 |   232 ||   975

Table legend: (Time is in decaauts)
 A = Elapsed time spent in this place.
 B = Non-inter-level travel time spent in this place.
 C = Inter-level travel time spent in this place.
 D = Time resting spent in this place.
 E = Time spent auto-exploring this place.
 F = Levels seen in this place.
 G = Mean time per level.
                   A        B        C        D        E       F      G
               +--------+--------+--------+--------+--------+-----+--------+
         Total |  13440 |  12467 |    973 |    577 |   8756 |  17 |  790.6 |
       Dungeon |  12541 |  11636 |    905 |    495 |   8350 |  14 |  895.8 |
        Temple |    269 |    201 |     68 |      0 |    195 |   1 |  269.0 |
        Bailey |    438 |    438 |      0 |     36 |    191 |   1 |  438.0 |
      Ice Cave |    191 |    191 |      0 |     46 |     20 |   1 |  191.0 |
               +--------+--------+--------+--------+--------+-----+--------+

Top non-repeatable levels by time:
     D:9: 1236 daAuts
     D:5: 1235 daAuts
     D:2: 1120 daAuts
     D:1: 1068 daAuts
     D:8: 993 daAuts
    D:13: 978 daAuts
     D:4: 975 daAuts
     D:7: 960 daAuts
     D:3: 913 daAuts
     D:6: 737 daAuts
    D:11: 713 daAuts
    D:12: 592 daAuts
    D:14: 549 daAuts
    D:10: 467 daAuts
  Bailey: 438 daAuts
